 Dungeon Crawl Stone Soup version 0.30-b1-2-g02819fbbbe (webtiles) character file.

Game seed: 12400595883232086144

191 Alarkh the Insei (level 5, -10/38 HPs)
             Began as a Demonspawn Warper on May 26, 2023.
             Killed by divine providence
             ... invoked by an orc priest
              (13 damage)
             ... on level 3 of the Dungeon.
             The game lasted 00:02:39 (2164 turns).

Alarkh the Insei (Demonspawn Warper)                Turns: 2164, Time: 00:02:41

Health: -10/38     AC:  4    Str: 11    XL:     5   Next: 41%
Magic:  8/8        EV: 13    Int: 16    God:
Gold:   153        SH:  0    Dex: 13    Spells: 8/8 levels left

rFire   . .          .
                       - Unarmed
rCold   . . .        (no shield)
rNeg    . . .        a - +0 leather armour
rPois   .            (no helmet)
rElec   .            i - +0 cloak
rCorr   .            (no gloves)
SInv    .            (no boots)
Will    .....        (no amulet)
Stlth   +            (no ring)
HPRegen 0.26/turn    (no ring)
MPRegen 0.11/turn

%: no passive effects
@: lethally poisoned (-10 -> -21)
A: repulsion field 1, ignite blood 1
a: no special abilities


You were on level 3 of the Dungeon.
You visited 1 branch of the dungeon, and saw 3 of its levels.

You collected 153 gold pieces.

Inventory:

Missiles
 c - 2 boomerangs of dispersal (quivered)
 d - 9 boomerangs
Armour
 a - a +0 leather armour (worn)
 i - a +0 cloak (worn)
Wands
 p - a wand of polymorph (5)
Scrolls
 b - a scroll of blinking
 f - a scroll of teleportation {unknown}
 g - a scroll of fear {unknown}
 h - a scroll of vulnerability {unknown}
 j - a scroll of immolation {unknown}
 k - a scroll of brand weapon {unknown}
 l - a scroll of poison {unknown}
 r - a scroll of identify
Potions
 e - 3 potions of attraction


   Skills:
 - Level 2.0 Fighting
 - Level 0.8 Throwing
 - Level 0.8 Armour
 - Level 1.7 Dodging
 + Level 5.2 Unarmed Combat
 - Level 2.0 Spellcasting
 - Level 2.6 Translocations


You had 8 spell levels left.
You didn't know any spells.
Your spell library contained the following spells:

 Spells                   Type           Power      Damage    Failure   Level
 Blink                    Tloc           20%        N/A       14%         2
 Lesser Beckoning         Tloc           20%        N/A       14%         2
 Teleport Other           Tloc           10%        N/A       26%         3
 Vhi's Electric Charge    Tloc/Air       10%        N/A       43%         3
 Manifold Assault         Tloc           10%        N/A       65%         4


Dungeon Overview and Level Annotations

Branches:
Dungeon (3/15)

Altars:


Innate Abilities, Weirdness & Mutations

You are surrounded by a mild repulsion field. (EV +2)
Your demonic aura sometimes causes spilled blood to erupt in flames.


Message History

The orc priest hits you with a +0 dagger of venom.
You're too confused to move!
The orc priest hits you but does no damage.
You are poisoned.
You're too confused to move!
You feel less invigorated.
You feel less confused.
You feel very sick. The orc priest barely misses you.
You hit the orc priest.
The orc priest is lightly wounded.
You feel sick.
The orc priest hits you but does no damage.
You are more poisoned.
You hit the orc priest.
You punch the orc priest, but do no damage.
The orc priest is moderately wounded.
You feel very sick.
The orc priest hits you with a +0 dagger of venom.
You are lethally poisoned!
You closely miss the orc priest.
The orc priest is moderately wounded.
You feel very sick. The orc priest barely misses you.
You hit the orc priest but do no damage.
The orc priest is moderately wounded.
* * * LOW HITPOINT WARNING * * *
You feel very sick. The orc priest completely misses you.
Okay, then.
You hit the orc priest.
The orc priest is heavily wounded.
* * * LOW HITPOINT WARNING * * *
You feel very sick.
You hit the orc priest.
The orc priest is heavily wounded.
* * * LOW HITPOINT WARNING * * *
You feel sick.
The orc priest mumbles some strange prayers to Beogh against you.
Beogh smites you!
You die...

# . # .# oo.#.##
####.#####
o.....o####.........
#..?...)..#
###.#####o# #. #o#
#. #@# #. #.# ## #.#
#.# #.# #.# #.#
#.### #...#


You could see an orc priest and an orc.

Vanquished Creatures
  Crazy Yiuf (D:2)
  Jessica (D:2)
  Natasha (thrice) (D:2)
  An adder (D:2)
  A dart slug (D:1)
  2 orcs (D:3)
  4 bats
  6 endoplasms
  A giant cockroach (D:2)
  7 goblins (D:1)
  4 hobgoblins
  3 jackals (D:1)
  2 ball pythons
  3 frilled lizards
  5 kobolds
  7 rats
51 creatures vanquished.

Vanquished Creatures (others)
  2 fungi (D:3)
  A plant (D:1)
3 creatures vanquished.

Grand Total: 54 creatures vanquished

Notes
Turn   | Place    | Note
-------+----------+-------------------------------------------
     0 | D:1      | Alarkh the Demonspawn Warper began the quest for the Orb.
     0 | D:1      | Reached XP level 1. HP: 16/16 MP: 3/3
    27 | D:1      | Reached skill level 2 in Unarmed Combat
    90 | D:1      | Gained mutation: You are surrounded by a mild repulsion
                  | field. (EV +2) [demonic ancestry]
    90 | D:1      | Reached XP level 2. HP: 12/22 MP: 5/5
   374 | D:1      | Reached skill level 3 in Unarmed Combat
   699 | D:1      | Gained mutation: Your demonic aura sometimes causes spilled
                  | blood to erupt in flames. [demonic ancestry]
   699 | D:1      | Reached XP level 3. HP: 24/27 MP: 6/6
  1409 | D:2      | Noticed Jessica
  1412 | D:2      | Killed Jessica
  1413 | D:2      | Reached skill level 4 in Unarmed Combat
  1413 | D:2      | Reached XP level 4. HP: 33/33 MP: 7/7
  1469 | D:2      | Found a runed translucent door.
  1470 | D:2      | Noticed Crazy Yiuf
  1512 | D:2      | Noticed Natasha
  1517 | D:2      | Killed Natasha
  1779 | D:2      | Noticed Natasha
  1789 | D:2      | Killed Natasha
  1885 | D:2      | Noticed Natasha
  1895 | D:2      | Killed Natasha
  1896 | D:2      | Reached skill level 5 in Unarmed Combat
  1896 | D:2      | Reached XP level 5. HP: 38/38 MP: 8/8
  1964 | D:2      | Killed Crazy Yiuf
  2164 | D:3      | Killed from afar by an orc priest

Illustrated notes

Levels and vault maps discovered:
D:1:      reono_arrival_forest_river, layout_basic, serial_forest,
          infiniplex_forest_lined_3, infiniplex_forest_clump_tiny,
          infiniplex_forest_clump_large, infiniplex_forest_clump_tiny,
          infiniplex_forest_clump_small, infiniplex_forest_clump_small,
          infiniplex_forest_straight_5, corexii_leaking_fountain,
          hangedman_decor_push, minmay_misc_feat_cross, minmay_three_crescents
D:2:      layout_loops_ring, item_on_display_a, uniq_crazy_yiuf_cottage,
          uniq_natasha, uniq_jessica
D:3:      layout_loops_ring, mainiacjoe_overflow_chevrons

Skill      XL: |  1  2  3  4 |
---------------+-------------+-----
Unarmed Combat | 2 3 4 5 |  5.2
Fighting       | |  2.0
Throwing       | |  0.8
Armour         | |  0.8
Dodging        | |  1.7
Spellcasting   | |  2.0
Translocations | |  2.6

Action                     |  1- 3 |  4- 6 || total
---------------------------+-------+-------++-------
  Melee: Unarmed           |   149 |    87 ||   236
         Punch             |     3 |     3 ||     6
  Throw: Boomerang         |     5 |       ||     5
    Use: Potion            |       |     4 ||     4
         Scroll            |       |     2 ||     2
   Stab: Sleeping          |       |     1 ||     1
         Invisible         |       |     2 ||     2
 Armour: Leather armour    |    42 |    10 ||    52
         Skin              |       |     6 ||     6
  Dodge: Dodged            |   107 |    54 ||   161
